 Dungeon Crawl Stone Soup version 0.30.1-11-g7821555f0a (webtiles) character file.

Game seed: 5954547564933659433

395 H0rd4k the Insei (level 6, -4/40 HPs)
             Began as an Octopode Artificer on Nov 28, 2023.
             Slain by an ogre
             ... wielding a +0 giant club
              (15 damage)
             ... on level 4 of the Dungeon.
             The game lasted 00:03:58 (2968 turns).

H0rd4k the Insei (Octopode Artificer)               Turns: 2968, Time: 00:03:59

Health: -4/40      AC:  1    Str: 11    XL:     6   Next: 82%
Magic:  6/6        EV: 14    Int: 16    God:
Gold:   102        SH:  0    Dex: 12    Spells: 5/5 levels left

rFire   . .          .
                       - Unarmed
rCold   . . .        (no shield)
rNeg    . . .        (helmet restricted)
rPois   .            (no amulet)
rElec   .            h - ring of see invisible
rCorr   .            i - ring of willpower
SInv    +            (no ring)
Will    +....        (no ring)
Stlth   +++          (no ring)
HPRegen 0.26/turn    (no ring)
MPRegen 0.10/turn    (no ring)
                     (no ring)

%: no passive effects
@: no status effects
A: almost no armour, amphibious, 8 rings, camouflage 1, gelatinous body 1,
(nimble swimmer 1), tentacles
a: no special abilities


You were on level 4 of the Dungeon.
You visited 1 branch of the dungeon, and saw 4 of its levels.

You collected 102 gold pieces.

Inventory:

Hand Weapons
 f - a +0 dagger of venom
 s - a +2 dagger of venom
Missiles
 g - 4 poisoned darts
Jewellery
 h - a ring of see invisible (left tentacle)
 i - a ring of willpower (right tentacle)
Wands
 b - a wand of flame (9) (quivered)
 c - a wand of charming (11)
 d - a wand of iceblast (1)
Scrolls
 a - a scroll of torment {unknown}
 e - a scroll of summoning {unknown}
 j - a scroll of acquirement {unknown}
 k - 2 scrolls of identify {unknown}
 n - a scroll of silence {unknown}
 p - 2 scrolls of noise {unknown}
 q - a scroll of magic mapping {unknown}
Potions
 l - a potion of haste {unknown}
 m - a potion of invisibility {unknown}
 o - 2 potions of cancellation {unknown}
 r - 2 potions of heal wounds {unknown}


   Skills:
 + Level 2.3 Fighting
 + Level 4.5 Dodging
 - Level 1.7 Stealth
 + Level 4.7 Unarmed Combat
 - Level 3.2 Evocations


You had 5 spell levels left.
You didn't know any spells.
Your spell library contained the following spells:

 Spells                   Type           Power      Damage    Failure   Level
 Slow                     Hex            0%         N/A       26%         1
 Confusing Touch          Hex            0%         N/A       58%         3
 Vampiric Draining        Necr           0%         2d6       58%         3


Dungeon Overview and Level Annotations

Branches:
Dungeon (4/15)
 Temple: D:4-7

Altars:
Wu Jian


Innate Abilities, Weirdness & Mutations

You cannot wear most types of armour.
You are amphibious.
You can wear up to eight rings at the same time.
Your skin changes colour to match your surroundings (Stealth+).
Your rubbery body absorbs attacks. (AC +1, EV +1)
((You are camouflaged when in or above water. (Stealth+)))
You have tentacles for arms and can constrict up to eight enemies at once.


Message History

The jackal attacks as you move away! The jackal bites you.
The jackal bites you. The jackal closely misses you.
The jackal attacks as you move away! The jackal barely misses you.
You tentacle-slap the jackal. You grab the jackal.
The jackal is lightly wounded.
You constrict the jackal, but do no damage.
The jackal barely misses you.
You tentacle-slap the jackal but do no damage.
You squeeze the jackal.
The jackal is almost dead.
You constrict the jackal, but do no damage.
The jackal misses you. The jackal barely misses you.
You tentacle-slap the jackal.
You kill the jackal!
You tentacle-slap the ogre.
The ogre is lightly wounded.
The ogre misses you.
You bludgeon the ogre!
The ogre is heavily wounded.
You barely miss the ogre.
The ogre is heavily wounded.
The ogre completely misses you.
You barely miss the ogre.
The ogre is heavily wounded.
The ogre hits you with a +0 giant club!!
Ouch! That really hurt!
* * * LOW HITPOINT WARNING * * *
You tentacle-slap the ogre. Your squeeze misses the ogre.
The ogre is severely wounded.
You tentacle-slap the ogre.
The ogre is almost dead.
The ogre closely misses you.
You tentacle-slap the ogre. Your squeeze misses the ogre.
The ogre is almost dead.
You barely miss the ogre.
The endoplasm quivers.
You squeeze the ogre, but do no damage.
The ogre is almost dead.
The ogre hits you with a +0 giant club!
You die...

.# #. #.##...
##..... ##
####...# ..
#....# .# #..†.#
.# ..###)...#.
##.#
#....<)..#.###
#..#
#####....#...#
#@# #....#
#?###O#
#....###....J###
####)..........##
##............J#
#...............#
#...............#
#...............#
#...............#


You could see an ogre and an endoplasm.

Vanquished Creatures
  Grinder (D:3)
  Blork the orc (D:4)
  A scorpion (D:4)
  2 adders (D:3)
  3 worms
  4 dart slugs
  4 orcs (D:3)
  3 bats
  5 endoplasms
  4 giant cockroaches
  5 goblins
  7 hobgoblins
  4 jackals
  8 ball pythons
  4 frilled lizards
  7 kobolds
  5 rats
68 creatures vanquished.

Vanquished Creatures (collateral kills)
  An endoplasm (D:4)
  A frilled lizard (D:3)
  A kobold (D:4)
3 creatures vanquished.

Vanquished Creatures (others)
  An orc wizard (D:3)
  A jackal (D:1)
2 creatures vanquished.

Grand Total: 73 creatures vanquished

Notes
Turn   | Place    | Note
-------+----------+-------------------------------------------
     0 | D:1      | H0rd4k the Octopode Artificer began the quest for the Orb.
     0 | D:1      | Reached XP level 1. HP: 13/13 MP: 1/1
   197 | D:1      | Reached XP level 2. HP: 6/18 MP: 2/2
   517 | D:1      | Reached XP level 3. HP: 17/23 MP: 3/3
  1065 | D:2      | Reached skill level 1 in Unarmed Combat
  1338 | D:2      | Identified the +1 pair of boots "Biyteh" {Contam rElec
                  | rN+++ Int-5}
  1672 | D:2      | Reached XP level 4. HP: 27/28 MP: 4/4
  2212 | D:3      | Found an ornate altar of the Wu Jian Council.
  2214 | D:3      | Noticed Grinder
  2291 | D:3      | Killed Grinder
  2292 | D:3      | Reached XP level 5. HP: 34/34 MP: 5/5
  2292 | D:3      | Reached XP level 6. HP: 39/39 MP: 6/6
  2917 | D:4      | Noticed a black bear
  2920 | D:4      | Noticed Blork the orc
  2931 | D:4      | Killed Blork the orc
  2968 | D:4      | Slain by an ogre

Illustrated notes

Levels and vault maps discovered:
D:1:      dpeg_arrival_water_temple_mockup, layout_basic
D:2:      layout_loops_ring, grunt_ministairs_5, dreamdust_princess_bridge
D:3:      layout_loops_ring, nicolae_wu_jian_wuxing_cycle, uniq_grinder
D:4:      layout_rooms, okawaru_metal_pillars_1_2, lightli_corner_chamber,
          uniq_blork_the_orc

Skill      XL: |  1  2  3  4  5  6 |
---------------+-------------------+-----
Dodging        | 3 4 |  4.5
Unarmed Combat | 1 3 4 |  4.7
Fighting       | 2 |  2.3
Stealth        | |  1.7
Evocations     | |  3.2

Action                     |  1- 3 |  4- 6 || total
---------------------------+-------+-------++-------
  Melee: Unarmed           |   109 |    77 ||   186
         Constrict         |    30 |    17 ||    47
         Tentacles         |    24 |    14 ||    38
         Punch             |     1 |     2 ||     3
  Evoke: Wand              |     4 |    10 ||    14
   Stab: Sleeping          |     6 |     1 ||     7
         Distracted        |       |     1 ||     1
 Armour: Skin              |     8 |       ||     8
  Dodge: Dodged            |    94 |    45 ||   139
